 Dungeon Crawl Stone Soup version 0.23.1 (webtiles) character file.

Game seed: 6693767273904661937

1530 Norn the Spear-Bearer (level 8, -2/64 HPs)
             Began as a Merfolk Skald on Mar 12, 2019.
             Killed from afar by an orc wizard (6 damage)
             ... with a magic dart
             ... on level 7 of the Dungeon.
             The game lasted 00:18:22 (8515 turns).

Norn the Spear-Bearer (Merfolk Skald)               Turns: 8515, Time: 00:18:22

Health: -2/64      AC:  9    Str: 11    XL:     8   Next: 85%
Magic:  11/11      EV: 13    Int: 15    God:
Gold:   369        SH:  0    Dex: 13    Spells: 5/11 levels left

rFire    . . .     SeeInvis .   H - +0 halberd
rCold    . . .     Gourm    .   (shield currently unavailable)
rNeg     . . .     Faith    .   c - +0 ring mail
rPois    .         Spirit   .   (no helmet)
rElec    .         Reflect  .   w - +0 cloak
rCorr    .         Harm     .   D - +2 pair of gloves
MR       .....                  (no boots)
Stlth    +.........             (no amulet)
HPRegen  0.20/turn              (no ring)
MPRegen  0.12/turn              (no ring)

@: slowed, very slow
A: change form in water, swift swim, stealthy swim
a: no special abilities


You were on level 7 of the Dungeon.
You were hungry.

You visited 1 branch of the dungeon, and saw 7 of its levels.

You collected 369 gold pieces.

Inventory:

Hand Weapons
 a - a +0 spear
 b - a +0 hunting sling
   (You took it off a goblin on level 2 of the Dungeon)
 k - a +0 blowgun
   (You took it off a kobold on level 3 of the Dungeon)
 H - a +0 halberd (weapon)
   (You took it off a gnoll on level 5 of the Dungeon)
Missiles
 o - 414 stones (quivered)
 p - 33 sling bullets
 r - 23 poisoned needles
 A - a throwing net {!f}
Armour
 c - a +0 ring mail (worn)
   (You found it on level 1 of the Dungeon)
 n - a +0 leather armour
 w - a +0 cloak (worn)
   (You found it on level 4 of the Dungeon)
 D - a +2 pair of gloves (worn)
   (You found it on level 5 of the Dungeon)
Jewellery
 l - a +5 ring of protection {unknown}
   (You found it on level 2 of the Dungeon)
 y - an uncursed amulet of regeneration {unknown}
   (You found it on level 4 of the Dungeon)
 G - an uncursed ring of flight {unknown}
   (You found it on level 6 of the Dungeon)
Wands
 t - a wand of flame (32)
   (You found it on level 6 of the Dungeon)
 u - a wand of paralysis (20)
   (You found it on level 2 of the Dungeon)
 E - a wand of enslavement (8)
   (You found it on level 5 of the Dungeon)
Scrolls
 d - 10 scrolls of identify {unknown}
 f - a scroll of fog {unknown}
 i - 6 scrolls of teleportation {unknown}
 m - 4 scrolls of amnesia {unknown}
 s - 2 scrolls of remove curse {unknown}
 x - a scroll of immolation {unknown}
 B - 2 scrolls of enchant armour {unknown}
 F - a scroll of fear {unknown}
 J - a scroll of acquirement {unknown}
 K - 2 scrolls of enchant weapon {unknown}
Potions
 g - 2 potions of lignification {unknown}
 h - 3 potions of invisibility {unknown}
 j - 2 potions of heal wounds {unknown}
 q - a potion of cancellation {unknown}
 v - 2 potions of curing {unknown}
 z - a potion of resistance {unknown}
 C - 2 potions of flight {unknown}
 I - a potion of mutation {unknown}
Comestibles
 e - 12 rations {!d}


   Skills:
 + Level 5.6 Fighting
 * Level 10.1 Polearms
 - Level 0.6 Armour
 + Level 6.8 Dodging
 - Level 2.0 Spellcasting
 + Level 3.6 Hexes
 - Level 4.2 Charms


You had 5 spell levels left.
You knew the following spells:

 Your Spells              Type           Power        Failure   Level  Hunger
a - Infusion              Chrm           ##..         10%         1    #......
q - Shroud of Golubria    Chrm/Tloc      #.........   34%         2    ###....
t - Spectral Weapon       Hex/Chrm       ##......     32%         3    ###....

Your spell library contained the following spells:

 Spells                   Type           Power        Failure   Level  Hunger
 Confusing Touch          Hex            ##....       12%         1    #......
 Song of Slaying          Chrm           ##......     14%         2    ###....
 Confuse                  Hex            ##......     36%         3    ###....
 Regeneration             Chrm/Necr      #.........   56%         3    ###....
 Gell's Gravitas          Tloc           #.........   85%         3    ###....
 Petrify                  Tmut/Erth      #.......     99%         4    #####..
 Metabolic Englaciation   Hex/Ice        #.........   100%        5    ######.
 Yara's Violent Unravell  Hex/Tmut       #.........   100%        5    ######.


Dungeon Overview and Level Annotations

Branches:
Dungeon (7/15)
 Temple: D:4-7

Altars:
Dithmenos
Gozag
Kikubaaqudgha
Makhleb
Uskayaw

Annotations:
D:5 1 runed translucent door, Crazy Yiuf


Message History

You are no longer magically infusing your attacks.
The orc wizard closely misses you. The hound bites you but does no damage.
The centaur shoots an arrow.
The arrow barely misses you. The hound closely misses you.
The orc wizard points at you and mumbles some strange words.
You feel yourself slow down.
You puncture the hound! The hound barely misses you.
The hound closely misses you.
The centaur shoots an arrow.
The arrow hits you but does no damage.
You closely miss the hound. The hound completely misses you.
The hound bites you.
* * * LOW HITPOINT WARNING * * *
The centaur shoots an arrow.
The arrow hits you but does no damage. The hound bites you.
* * * LOW HITPOINT WARNING * * *
You puncture the centaur!
The orc wizard casts a spell.
The orc wizard blinks!
The hound bites you.
* * * LOW HITPOINT WARNING * * *
The centaur unwields a +0 shortbow.
The centaur closely misses you. The hound barely misses you.
The centaur hits you but does no damage.
You puncture the centaur! The hound closely misses you. The centaur hits you.
* * * LOW HITPOINT WARNING * * *
The hound closely misses you. The centaur hits you.
* * * LOW HITPOINT WARNING * * *
You slash the centaur!
You kill the centaur!
The hound misses you. The hound bites you.
* * * LOW HITPOINT WARNING * * *
You hit the orc priest but do no damage.
The hound bites you but does no damage.
The hound stops to sniff the ground.
The hound misses you. The orc priest closely misses you.
The orc wizard casts a spell.
The orc wizard blinks!
The hound bites you but does no damage.
You hear a shout!
Your magical contamination has completely faded away.
You closely miss the orc priest. The hound misses you.
The orc priest hits you but does no damage.
The hound closely misses you.
You puncture the orc priest!
The orc wizard is no longer moving quickly.
The hound barely misses you.
The orc priest calls down the wrath of Beogh upon you.
Beogh smites you!
* * * LOW HITPOINT WARNING * * *
The orc wizard casts a spell at you. The magic dart hits you.
You die...

######.#### #.........#
...........###§#.......#
##########.##§§§#......#
#.#.#§#§#§....#
#.§§§_§c§.....#
###§#§#§#.....#########
##(§§#...............
##h#o......#########
#(@.o.....# ##........#
##########


You could see a hound, an orc priest and an orc wizard.

Vanquished Creatures
  A black bear (D:6)
  A sky beast (D:5)
  An orc warrior (D:6)
  A phantom (D:6)
  An ogre (D:5)
  2 centaurs
  A bullfrog (D:6)
  2 scorpions (D:5)
  A jelly (D:4)
  5 hounds
  4 orc wizards
  A bullfrog zombie (D:5)
  5 worker ants
  7 adders
  10 gnolls
  A howler monkey skeleton (D:4)
  A shadow imp (D:7)
  An ooze (D:2)
  4 worms
  A dart slug (D:2)
  4 leopard geckos
  12 orcs
  A ball python (D:4)
  3 bats
  A giant cockroach (D:2)
  12 goblins
  6 hobgoblins
  14 jackals
  9 kobolds
  3 quokkas
  A ball python skeleton (D:4)
  7 frilled lizards
  A leopard gecko zombie (D:5)
  11 rats
136 creatures vanquished.

Notes
Turn   | Place    | Note
-------+----------+-------------------------------------------
     0 | D:1      | Norn the Merfolk Skald began the quest for the Orb.
     0 | D:1      | Reached XP level 1. HP: 16/16 MP: 3/3
   344 | D:1      | Reached XP level 2. HP: 23/23 MP: 5/5
   783 | D:2      | Reached skill level 4 in Polearms
   783 | D:2      | Reached XP level 3. HP: 27/28 MP: 1/6
  1653 | D:2      | Learned a level 3 spell: Spectral Weapon
  1656 | D:2      | Learned a level 2 spell: Shroud of Golubria
  1766 | D:2      | Found an ancient bone altar of Kikubaaqudgha.
  1781 | D:2      | Reached XP level 4. HP: 25/34 MP: 3/7
  1944 | D:2      | Found a hide-covered altar of Uskayaw.
  2455 | D:2      | Reached skill level 5 in Polearms
  3547 | D:3      | Reached XP level 5. HP: 32/41 MP: 6/8
  4306 | D:3      | Found an opulent altar of Gozag.
  4787 | D:4      | Reached skill level 6 in Polearms
  4856 | D:4      | Found a burning altar of Makhleb.
  4923 | D:4      | Reached XP level 6. HP: 46/47 MP: 3/9
  5444 | D:4      | Reached skill level 7 in Polearms
  5944 | D:5      | Entered Level 5 of the Dungeon
  5987 | D:5      | Reached skill level 1 in Hexes
  5987 | D:5      | Reached XP level 7. HP: 54/54 MP: 10/10
  6051 | D:5      | Reached skill level 5 in Dodging
  6423 | D:5      | Reached skill level 8 in Polearms
  6736 | D:5      | Reached XP level 8. HP: 34/61 MP: 3/11
  7063 | D:5      | Found a runed translucent door.
  7064 | D:5      | Noticed Crazy Yiuf
  7278 | D:6      | Reached skill level 5 in Fighting
  7278 | D:6      | Reached skill level 9 in Polearms
  8234 | D:6      | Reached skill level 10 in Polearms
  8447 | D:7      | Found a shadowy altar of Dithmenos.
  8515 | D:7      | Killed from afar by an orc wizard

Skill      XL: |  1  2  3  4  5  6  7  8 |
---------------+-------------------------+-----
Dodging        | 3 4 5 6 |  6.8
Polearms       | 4 5 6 7 8 10 | 10.1
Fighting       | 3 4 5 |  5.6
Charms         | 4 |  4.2
Hexes          | 1 2 3 |  3.6
Armour         | |  0.6
Spellcasting   | |  2.0

Action                   |  1- 3 |  4- 6 |  7- 9 || total
-------------------------+-------+-------+-------++-------
Melee: Spear             |   132 |   247 |    49 ||   428
       Halberd           |       |       |   123 ||   123
       Tailslap          |       |       |     2 ||     2
 Fire: Hunting sling     |       |    28 |       ||    28
       Blowgun           |       |    16 |    37 ||    53
 Cast: Infusion          |     9 |    17 |    16 ||    42
 Stab: Sleeping          |     1 |       |       ||     1
       Distracted        |       |     1 |       ||     1
  Eat: Chunk             |     3 |    13 |     5 ||    21
       Ration            |       |       |     1 ||     1
Armor: Leather armour    |     2 |       |       ||     2
       Ring mail         |    19 |    52 |    67 ||   138
Dodge: Dodged            |    57 |   142 |   125 ||   324
